 Dungeon Crawl Stone Soup version 0.24-a0-228-g05560da471 (webtiles) character file.

Game seed: 16280753628927152994

879 spaceherpes the Skirmisher (level 8, -1/58 HPs)
             Began as an Octopode Wanderer on Apr 1, 2019.
             Was a Believer of Nemelex Xobeh.
             Shot with an arrow by a centaur (14 damage)
             ... on level 5 of the Dungeon.
             The game lasted 00:07:03 (5130 turns).

spaceherpes the Skirmisher (Octopode Wanderer)      Turns: 5130, Time: 00:07:04

Health: -1/58      AC:  1    Str: 11    XL:     8   Next: 4%
Magic:  11/11      EV: 14    Int: 18    God:    Nemelex Xobeh [**....]
Gold:   157        SH:  0    Dex: 10    Spells: 7/7 levels left

rFire    . . .     SeeInvis .   a - +2 short sword
rCold    . . .     Gourm    .   (no shield)
rNeg     . . .     Faith    .   (helmet restricted)
rPois    .         Spirit   .   (no amulet)
rElec    .         Reflect  .   (no ring)
rCorr    .         Harm     .   (no ring)
MR       .....                  (no ring)
Stlth    ++........             (no ring)
HPRegen  0.19/turn              (no ring)
MPRegen  0.12/turn              (no ring)
                                (no ring)
                                (no ring)

@: no status effects
A: almost no armour, stealthy swim, amphibious, 8 rings, constrict 8, camouflage
1, gelatinous body 1
a: Draw Escape, Draw Destruction, Draw Summoning, Renounce Religion


You were on level 5 of the Dungeon.
You worshipped Nemelex Xobeh.
Nemelex Xobeh was pleased with you.
You were very hungry.

You visited 1 branch of the dungeon, and saw 5 of its levels.

You collected 157 gold pieces.

Inventory:

Hand Weapons
 a - a +2 short sword (weapon)
 c - a +0 falchion
 l - a +1 spear of flaming
 o - a +0 rapier
Magical Staves
 t - an uncursed staff of summoning {unknown}
 u - an uncursed staff of cold {unknown}
Wands
 n - a wand of acid (5)
Scrolls
 b - a scroll of remove curse {unknown}
 e - 2 scrolls of enchant weapon {unknown}
 f - a scroll of enchant armour {unknown}
 j - 2 scrolls of identify {unknown}
 m - a scroll of noise {unknown}
 p - a scroll of teleportation {unknown}
 w - a scroll of magic mapping {unknown}
Potions
 g - a potion of resistance {unknown}
 h - a potion of lignification {unknown}
 i - a potion of ambrosia {unknown}
 k - 2 potions of haste {unknown}
 q - a potion of agility {unknown}
 r - 2 potions of might {unknown}
 s - 2 potions of curing {@q1}
 v - a potion of flight {unknown}
Comestibles
 d - 8 rations


   Skills:
 * Level 6.8 Fighting
 - Level 2.0(2.4) Short Blades
 - Level 2.0(2.4) Long Blades
 - Level 1.0 Throwing
 + Level 4.3 Dodging
 - Level 0.3 Stealth
 + Level 4.4 Invocations
 + Level 1.9 Evocations


You had 7 spell levels left.
You didn't know any spells.
Your spell library was empty.

Dungeon Overview and Level Annotations

Branches:
Dungeon (5/15)             Temple (0/1) D:4

Altars:
Ashenzari
Fedhas
Gozag
Nemelex Xobeh
Okawaru
Sif Muna
Trog

Annotations:
D:3 2 transporters
D:4 1 exclusion


Innate Abilities, Weirdness & Mutations

You cannot wear most types of armour.
You are very stealthy in the water. (Stealth+)
You are amphibious.
You can wear up to eight rings at the same time.
You can use your tentacles to constrict eight enemies at once.
Your skin changes colour to match your surroundings (Stealth+).
Your rubbery body absorbs attacks. (AC +1, EV +1)


Message History

You destroy the bullfrog zombie!
Found 2 scrolls labeled MUGETHR MATEM.
A centaur comes into view.
A dart slug comes into view.
The centaur shouts!
The centaur wields a +0 shortbow.
The centaur shoots an arrow.
The arrow hits you!
* * * LOW HITPOINT WARNING * * *
An ice beast comes into view.
The centaur shoots an arrow.
The arrow hits you.
* * * LOW HITPOINT WARNING * * *
You see here an arrow.
Okay, then.
Okay, then.
Aiming: Corrosive Bolt
Aim: a centaur, wielding a +0 shortbow The bolt of acid hits the centaur.
The centaur is splashed with acid.
The centaur shoots an arrow.
The arrow hits you!
You die...
Your body disappears without a glow.

........ ..#.##
.##......# #....
#........# #... ..
..w......+ #..##....
#.......[# #...#....
.........#####.....##<
......................##
...c.?..............#...
.Y.....@...........##...
#.........##........##..
......#.#####...........
#.#...#####.#...........
# ##. ###.............<
## #.#..#.........#.
###.#............#.
#...............###
##...#####......)##


You could see an ice beast, a centaur and a dart slug.

Vanquished Creatures
  Sigmund (D:2)
  Menkaure (D:5)
  A sky beast (D:4)
  An ogre (D:4)
  A bullfrog (D:3)
  A scorpion (D:4)
  A killer bee (D:5)
  A bullfrog zombie (D:5)
  An orc priest (D:4)
  A hound (D:4)
  Robin (D:3)
  6 adders
  A howler monkey skeleton (D:4)
  2 oozes
  An adder skeleton (D:4)
  5 worms
  A dart slug (D:2)
  8 leopard geckos
  9 orcs
  3 ball pythons
  7 giant cockroaches
  13 goblins
  4 hobgoblins
  4 jackals (D:4)
  2 quokkas
  8 bats
  7 frilled lizards
  2 kobolds
  2 rats
96 creatures vanquished.

Vanquished Creatures (others)
  A ball lightning (D:4)
1 creature vanquished.

Grand Total: 97 creatures vanquished

Notes
Turn   | Place    | Note
-------+----------+-------------------------------------------
     0 | D:1      | spaceherpes the Octopode Wanderer began the quest for the
                  | Orb.
     0 | D:1      | spaceherpes set off with the following items: a +2 short
                  | sword, a potion of curing {@q1}, a +0 falchion, a ration
     0 | D:1      | Reached XP level 1. HP: 16/16 MP: 1/1
    32 | D:1      | Found a sparkling altar of Nemelex Xobeh.
    41 | D:1      | Became a worshipper of Nemelex Xobeh the Trickster
   170 | D:1      | Received a gift from Nemelex Xobeh
   327 | D:1      | Reached XP level 2. HP: 21/21 MP: 2/2
   766 | D:2      | Found a sparkling altar of Nemelex Xobeh.
   800 | D:2      | Reached skill level 1 in Invocations
   800 | D:2      | Reached XP level 3. HP: 20/26 MP: 3/3
   900 | D:2      | Reached * piety under Nemelex Xobeh
   920 | D:2      | Received a gift from Nemelex Xobeh
  1372 | D:2      | Noticed Sigmund
  1380 | D:2      | Killed Sigmund
  1380 | D:2      | Reached skill level 4 in Fighting
  1380 | D:2      | Reached XP level 4. HP: 22/34 MP: 3/5
  1380 | D:2      | Reached XP level 5. HP: 24/38 MP: 3/6
  1828 | D:2      | Reached skill level 5 in Fighting
  2272 | D:3      | Reached XP level 6. HP: 45/45 MP: 8/8
  2343 | D:3      | Found a blossoming altar of Fedhas.
  2343 | D:3      | Noticed an ice beast
  2351 | D:3      | Found a deep blue altar of Sif Muna.
  2538 | D:3      | Found a transporter.
  2653 | D:3      | Found a transporter.
  2702 | D:3      | Noticed Robin
  2703 | D:3      | Killed Robin
  2923 | D:3      | Found a bloodstained altar of Trog.
  2976 | D:3      | Found an iron altar of Okawaru.
  3021 | D:3      | Found an opulent altar of Gozag.
  3518 | D:4      | Received a gift from Nemelex Xobeh
  3670 | D:4      | HP: 2/46 [poisoned by a scorpion]
  3678 | D:4      | HP: 2/46 [poisoned by a scorpion]
  3965 | D:4      | Reached skill level 6 in Fighting
  3965 | D:4      | Reached XP level 7. HP: 51/52 MP: 9/9
  4089 | D:4      | Reached ** piety under Nemelex Xobeh
  4124 | D:4      | Found a shattered altar of Ashenzari.
  4274 | D:4      | Found a staircase to the Ecumenical Temple.
  4907 | D:4      | Received a gift from Nemelex Xobeh
  5065 | D:5      | Entered Level 5 of the Dungeon
  5101 | D:5      | Noticed Menkaure
  5103 | D:5      | Killed Menkaure
  5103 | D:5      | Reached XP level 8. HP: 31/58 MP: 11/11
  5130 | D:5      | Shot with an arrow by a centaur

Levels and vault maps discovered:
D:1:      nzn_arrival_depleted_hourglass, layout_loops_ring,
          nemelex_xobeh_ov_fountains_minmay
D:2:      layout_loops_cross, nicolae_overflow_crystal_walls, fountainhead,
          minmay_cut_off, uniq_sigmund
D:3:      minmay_diamond_boxcup, layout_rooms, lemuel_coloured_pillars_altar,
          nicolae_gozag_seed_capital, gammafunk_temple_overflow_arena,
          okawaru_ov_weapons_minmay, uniq_robin
D:4:      layout_basic, ashenzari_conservatory_becter,
          minmay_temple_entry_ruins, due_unseen_surprise
D:5:      layout_cave_pools, serial_shops, kennysheep_mini, first_ration,
          enter_ossuary_2, portal_sewer_entry_f, uniq_ijyb,
          uniq_crazy_yiuf_cottage, uniq_menkaure

Skill      XL: |  1  2  3  4  5  6  7 |
---------------+----------------------+-----
Invocations    | 1 2 3 4 |  4.4
Fighting       | 4 5 6 |  6.8
Dodging        | 2 3 4 |  4.3
Short Blades   | |  2.0
Long Blades    | |  2.0
Throwing       | |  1.0
Stealth        | |  0.3
Evocations     | |  1.9

Action                   |  1- 3 |  4- 6 |  7- 9 || total
-------------------------+-------+-------+-------++-------
Melee: Short sword       |    32 |   115 |    55 ||   202
       Constrict         |     8 |    26 |    13 ||    47
       Tentacles         |     3 |    16 |    11 ||    30
 Abil: Draw Destruction  |     3 |     6 |     4 ||    13
Evoke: Wand              |       |       |     3 ||     3
  Use: Potion            |     2 |       |       ||     2
 Stab: Sleeping          |     7 |     8 |     4 ||    19
  Eat: Chunk             |     1 |     8 |     3 ||    12
Armor: Skin              |     2 |     5 |     1 ||     8
Dodge: Dodged            |    15 |    56 |    29 ||   100

Table legend:
 A = Non-vault XP
 B = Vault XP
 C = Vault XP percentage of total XP
 D = Non-vault monster count
 E = Vault monster count
 F = Vault count percentage of total count
                 A         B        C        D         E       F
            +---------+---------+-------+---------+---------+-------
      Total |     808 |     448 |  35.7 |      76 |      20 |  20.8
            +---------+---------+-------+---------+---------+-------
        D:1 |      16 |       0 |   0.0 |      10 |       0 |   0.0
        D:2 |      65 |     221 |  77.3 |      17 |       3 |  15.0
        D:3 |     135 |      70 |  34.1 |      19 |      16 |  45.7
        D:4 |     464 |       0 |   0.0 |      25 |       0 |   0.0
        D:5 |     128 |     157 |  55.1 |       5 |       1 |  16.7
            +---------+---------+-------+---------+---------+-------
